 Dungeon Crawl Stone Soup version 0.18.1-8-gdd0e5ea (webtiles) character file.

23 LORDOFBUTT the Ducker (level 2, -4/16 HPs)
             Began as a Spriggan Chaos Knight on May 24, 2016.
             Slain by a small abomination (14 damage)
             ... summoned by the capriciousness of Xom
             ... on level 1 of the Dungeon.
             The game lasted 00:01:32 (4785 turns).

LORDOFBUTT the Ducker (Spriggan Chaos Knight)       Turns: 4785, Time: 00:01:33

Health: -4/16      AC:  4    Str:  8    XL:     2   Next: 75%
Magic:  2/2        EV: 18    Int: 13    God:    Xom [..*...]
Gold:   0          SH:  0    Dex: 15    Spells: 0 memorised, 1 level left

rFire  . . .     SeeInvis +     a - +0 short sword (chaos)
rCold  . . .     Gourm    .     b - +2 robe
rNeg   . . .     Faith    .     (shield restricted)
rPois  .         Spirit   .     (helmet restricted)
rElec  .         Dismiss  .     (no cloak)
rCorr  .         Reflect  .     (gloves unavailable)
SustAt .         Harm     .     (boots unavailable)
MR     +....                    (no amulet)
Stlth  ++........               (no ring)
                                (no ring)

@: very quick, somewhat resistant to hostile enchantments, unstealthy
A: unfitting armour, see invisible, herbivore 3, speed 3, low mp 2, magic
resistance 1, slow metabolism 2
a: Renounce Religion


You were on level 1 of the Dungeon.
You worshipped Xom.
You were a toy of Xom.
You were not hungry.

You visited 1 branch of the dungeon, and saw 1 of its levels.

Inventory:

Hand Weapons
 a - a +0 short sword of chaos (weapon)
Armour
 b - a +2 robe (worn)


   Skills:
 + Level 2.7 Fighting
 + Level 3.7 Short Blades
 + Level 3.8 Dodging
 + Level 1.4 Stealth


You had one spell level left.
You didn't know any spells.

Dungeon Overview and Level Annotations

Branches:
Dungeon (1/15)

Altars:


Innate Abilities, Weirdness & Mutations

You are tiny and cannot use many weapons and most armour.
You have supernaturally acute eyesight.
You are a herbivore.
You cover ground extremely quickly.
You need consume almost no food.
Your magical capacity is very low (-20% MP).
You are resistant to hostile enchantments.


Message History

You start waiting.
Done waiting.
You start waiting.
Xom grants you insight.
You detect creatures!
You start waiting.
Done waiting.
You start waiting. "This place needs a little more atmosphere."
You start waiting.
Xom notices you. A chorus of moans calls out to you!
There are monsters nearby!
You closely miss the small abomination. The small abomination hits you!
The small abomination completely misses you.
The small abomination misses you.
The small abomination closely misses you.
You open the door. The small abomination hits you!
Ouch! That really hurt!
You die...

###### #....#
#....#
#....####### ###
#..§@'.....+
....
#.§.x#######
.....##.§..#
........§..#
.......§##.#
.....##x§#+#####
.....#.x.§§§§§.#
###+ #...xx.§###
#. #......§#


You could see 2 small abominations.

Vanquished Creatures
  A worm (D:1)
  2 giant geckos (D:1)
  2 bats (D:1)
  4 goblins (D:1)
  A hobgoblin (D:1)
  3 jackals (D:1)
  2 giant newts (D:1)
  A rat (D:1)
16 creatures vanquished.

Notes
Turn   | Place    | Note
--------------------------------------------------------------
     0 | D:1      | LORDOFBUTT the Spriggan Chaos Knight began the quest for the Orb.
     0 | D:1      | Reached XP level 1. HP: 11/11 MP: 2/2
   492 | D:1      | XOM: harmless Divn miscast
  2569 | D:1      | XOM is BORED!
  2569 | D:1      | XOM: give mutations
  2569 | D:1      | Gained mutation: Your magical capacity is low (-10% MP). [Xom's mischief]
  2569 | D:1      | Gained mutation: You are resistant to hostile enchantments. [Xom's mischief]
  2569 | D:1      | Gained mutation: Your magical capacity is very low (-20% MP). [Xom's mischief]
  2811 | D:1      | Reached XP level 2. HP: 13/16 MP: 2/2
  2912 | D:1      | Reached skill level 1 in Stealth
  3278 | D:1      | XOM: medium Trmt miscast
  3420 | D:1      | XOM: 2-stop teleportation journey
  4345 | D:1      | XOM: colour smoke trail
  4556 | D:1      | XOM: divination: detect creatures
  4728 | D:1      | XOM: colour smoke trail
  4754 | D:1      | XOM: medium Summ miscast
  4755 | D:1      | Noticed a small abomination
  4755 | D:1      | Noticed a small abomination
  4755 | D:1      | Noticed a small abomination
  4785 | D:1      | Slain by a small abomination

Skill      XL: |  1  2 |
---------------+-------+-----
Stealth        | 1 |  1.4
Fighting       | |  2.7
Short Blades   | |  3.7
Dodging        | |  3.8

Action                   || total
-------------------------++-------
Melee: Short sword       ||    53
 Stab: Distracted        ||     3
  Eat: Bread ration      ||     1
Armor: Robe              ||     3
Dodge: Dodged            ||    33
